 Dungeon Crawl Stone Soup version 0.20-a0-33-g996f6e0 (webtiles) character file.

112 KristoblXynda the Sneak (level 4, -5/21 HPs)
             Began as a Spriggan Enchanter on Nov 9, 2016.
             Slain by a worm (10 damage)
             ... on level 3 of the Dungeon.
             The game lasted 00:08:24 (3504 turns).

KristoblXynda the Sneak (Spriggan Enchanter)        Turns: 3504, Time: 00:08:25

Health: -5/21      AC:  4    Str:  4    XL:     4   Next: 63%
Magic:  20/20      EV: 18    Int: 17    God:
Gold:   104        SH:  0    Dex: 16    Spells: 2 memorised, 6 levels left

rFire  . . .     SeeInvis +     g - -3 short sword (curse)
rCold  . . .     Gourm    .     b - +2 robe
rNeg   . . .     Faith    .     (shield restricted)
rPois  .         Spirit   .     (helmet restricted)
rElec  .         Reflect  .     (no cloak)
rCorr  .         Harm     .     (gloves unavailable)
MR     .....                    (boots unavailable)
Stlth  +++.......               (no amulet)
                                (no ring)
                                l - ring of magical power

@: very quick
A: unfitting armour, see invisible, herbivore 3, speed 3, slow metabolism 2
a: no special abilities


You were on level 3 of the Dungeon.
You were not hungry.

You visited 1 branch of the dungeon, and saw 3 of its levels.

You collected 104 gold pieces.

Inventory:

Hand Weapons
 a - a +1 dagger
 g - a cursed -3 short sword (weapon)
 i - a +0 dagger of venom
Armour
 b - a +2 robe (worn)
Jewellery
 l - a ring of magical power (left hand)
Scrolls
 e - 3 scrolls of enchant armour
Potions
 h - a potion of agility
 k - 2 potions of curing {unknown}
Books
 c - a book of Maledictions

   Spells                             Type                      Level
   a - Corona                         Hexes                        1
   b - Ensorcelled Hibernation        Hexes/Ice                    2
   c - Confuse                        Hexes                        3
   d - Tukima's Dance                 Hexes                        3
   e - Dazzling Spray                 Conjuration/Hexes            3
Comestibles
 d - 2 bread rations
 f - 4 fruits
 m - a royal jelly


   Skills:
 - Level 1.1 Short Blades
 - Level 3.0 Dodging
 + Level 6.1 Stealth
 + Level 4.0 Spellcasting
 + Level 4.8 Hexes


You had 6 spell levels left.
You knew the following spells:

 Your Spells              Type           Power        Failure   Level  Hunger
a - Ensorcelled Hibernat  Hex/Ice        ##....       12%         2    ##.....
b - Confuse               Hex            ###.....     10%         3    ###....


Dungeon Overview and Level Annotations

Branches:
Dungeon (3/15)

Altars:
Gozag
Hepliaklqana
Kikubaaqudgha
Makhleb
Okawaru


Innate Abilities, Weirdness & Mutations

You are very small and have problems with some larger weapons.
You are too small for most types of armour.
You have supernaturally acute eyesight. (SInv)
You are a herbivore.
You cover ground extremely quickly.
You need consume almost no food.


Message History

You hit the worm but do no damage.
The worm is heavily wounded.
You hit the worm but do no damage.
The worm is heavily wounded.
The worm closely misses you.
You hit the worm.
The worm is heavily wounded.
The worm bites you.
* * * LOW HITPOINT WARNING * * *
You barely miss the worm.
The worm is heavily wounded.
You hit the worm but do no damage.
The worm is heavily wounded.
The worm barely misses you.
You hit the worm but do no damage.
The worm is heavily wounded.
You completely miss the worm.
The worm is heavily wounded.
The worm bites you!
You die...

........#.......#......
............._.....#.#..
.........#.......#.#.#..
.........#.8...8.#...#..
........##.....####.###
#....###.###.###..#....
##.##.###.##..#....#..#.
..........>..#.....#..#.
..##.w@##.#.#.....#..#.
#......#.#...#.#..#.
#..#.......#.#.#..#. #..
.........#.####.
##...##..#........#.
...#........#.#.##.
##.#.##....##.#....
#.........##.#####
###.##.#####.#####


You could see a worm.

Vanquished Creatures
  Robin (D:2)
  An adder (D:2)
  An ooze (D:1)
  A worm (D:3)
  4 dart slugs
  4 leopard geckos
  An orc (D:3)
  2 ball pythons
  8 bats
  3 giant cockroaches
  15 goblins
  7 hobgoblins
  6 jackals
  3 frilled lizards (D:1)
  2 kobolds
  5 rats
64 creatures vanquished.

Notes
Turn   | Place    | Note
-------+----------+-------------------------------------------
     0 | D:1      | KristoblXynda the Spriggan Enchanter began the quest for the Orb.
     0 | D:1      | Reached XP level 1. HP: 9/9 MP: 5/5
   292 | D:1      | Reached XP level 2. HP: 13/13 MP: 6/6
   367 | D:1      | Reached skill level 5 in Stealth
   633 | D:1      | Learned a level 2 spell: Ensorcelled Hibernation
   772 | D:1      | Reached XP level 3. HP: 9/16 MP: 5/8
   911 | D:1      | Learned a level 3 spell: Confuse
  1395 | D:2      | Found a burning altar of Makhleb.
  1663 | D:2      | Found an ancient bone altar of Kikubaaqudgha.
  1665 | D:2      | Found an iron altar of Okawaru.
  1792 | D:2      | Noticed Robin
  2286 | D:2      | Reached XP level 4. HP: 20/21 MP: 6/10
  2662 | D:2      | Killed Robin
  2662 | D:2      | Reached skill level 6 in Stealth
  3376 | D:3      | Found a hazy altar of Hepliaklqana.
  3440 | D:3      | Found an opulent altar of Gozag.
  3504 | D:3      | Slain by a worm

Vault maps used:
D:1:      eino_arrival_water_cross
D:2:      grunt_temple_overflow_open, uniq_robin
D:3:      wad_crossroads, lemuel_crystal_altar, nicolae_overflow_crystal_walls,
          grunt_gozag_statues

Skill      XL: |  1  2  3  4 |
---------------+-------------+-----
Stealth        | 5 6 |  6.1
Spellcasting   | 3 4 |  4.0
Hexes          | 4 |  4.8
Short Blades   | |  1.1
Dodging        | |  3.0

Action                   |  1- 3 |  4- 6 || total
-------------------------+-------+-------++-------
Melee: Dagger            |    22 |       ||    22
       Short sword       |   207 |   121 ||   328
 Cast: Ensorcelled Hiber |    20 |    23 ||    43
  Use: Scroll            |     5 |     1 ||     6
 Stab: Sleeping          |    27 |    18 ||    45
  Eat: Pizza             |       |     2 ||     2
Armor: Robe              |    27 |    15 ||    42
Dodge: Dodged            |   180 |    83 ||   263
